Map: Frozen Temple

Players

Tenonee - Winner!

  • Race: Terran Terran
  • League: Platinum

Nebula

  • Race: Zerg Zerg
  • League: Diamond

VOD

Have the link to the VOD?

Description

Time

  • Played on: July 26, 2016, 6:26 a.m.
  • Length: 20:10
Show
View Real Time Build Order
Export as new Build Order

Tenonee Terran - Winner!

Build Orders: Reaper Expand 

Get SALT Encoding   

  12  0:01  SCV  
  13  0:13  SCV  
  14  0:18  Supply Depot  
  14  0:25  SCV  
  15  0:39  SCV  
  16  0:43  Barracks  
  16  0:50  Refinery  
  16  0:53  SCV  
  17  1:03  Supply Depot  
  17  1:06  SCV  
  18  1:18  SCV  
  19  1:30  Orbital Command  
  19  1:34  Reaper  
  20  1:51  Command Center  
  20  1:56  SCV  
  22  2:08  SCV  
  22  2:10  Barracks Reactor  
  22  2:20  SCV  
  23  2:29  Factory  
  23  2:32  SCV  
  24  2:47  Marine x2  
  24  2:49  SCV  
  27  3:01  SCV  
  27  3:05  Orbital Command, Marine x2, Barracks  
  30  3:13  SCV  
  31  3:25  SCV  
  32  3:32  Barracks Tech Lab  
  32  3:34  Hellion  
  32  3:35  Hellion  
  32  3:36  SCV  
  32  3:37  SCV  
  38  3:48  SCV  
  39  3:54  Supply Depot  
  39  3:55  Supply Depot, Barracks Reactor  
  39  3:56  Hellion x2  
  39  3:57  Stimpack  
  39  4:00  SCV x2  
  39  4:01  Marine  
  45  4:11  Bunker  
  45  4:12  SCV  
  45  4:15  SCV  
  47  4:21  Marine  
  47  4:24  Hellion x2, SCV  
  53  4:27  SCV  
  54  4:36  SCV  
  55  4:39  Marine  
  55  4:41  SCV  
  55  4:42  Supply Depot  
  55  4:44  Marine x2  
  59  4:48  SCV  
  59  4:50  Starport  
  60  4:53  SCV  
  60  4:57  Marine  
  62  5:01  Factory Tech Lab  
  62  5:03  Supply Depot  
  62  5:04  Supply Depot, Marine  
  63  5:09  Command Center  
  61  5:17  Marine, SCV x2  
  59  5:21  Siege Tank  
  57  5:29  Marine x2, SCV  
  58  5:35  Marine  
  58  5:40  Barracks  
  58  5:41  Barracks  
  58  5:42  Command Center, SCV x2  
  61  5:47  Marine  
  58  5:54  Marine x2  
  58  5:55  Siege Tank  
  63  6:00  SCV x2  
  65  6:04  Marine  
  65  6:05  Refinery  
  66  6:12  SCV x2  
  68  6:20  Refinery  
  68  6:21  Refinery  
  68  6:24  SCV x2  
  70  6:29  Barracks Reactor x2  
  70  6:35  Marine x3  
  70  6:36  SCV x2  
  75  6:43  Supply Depot x2  
  75  6:45  Engineering Bay x2  
  75  6:49  Medivac  
  75  6:53  Marine x3  
  80  6:54  SCV x2  
  80  6:55  Orbital Command  
  82  7:05  Supply Depot  
  82  7:06  SCV  
  82  7:07  Marine x4, SCV  
  88  7:09  Medivac, Siege Tank  
  88  7:10  Marine  
  88  7:11  Marine x2  
  88  7:14  Supply Depot  
  88  7:15  Supply Depot  
  96  7:18  SCV  
  96  7:19  SCV  
  98  7:25  Orbital Command  
  98  7:33  Supply Depot  
  98  7:34  Marine x7  
  98  7:36  Terran Infantry Armor Level 1, Supply Depot, Terran Infantry Weapons Level 1  
  105  7:44  Siege Tank  
  105  7:47  SCV x2  
  110  7:51  Marine  
  111  8:00  Supply Depot  
  106  8:13  Marine x7  
  106  8:15  Refinery  
  106  8:17  Refinery  
  113  8:25  Siege Tank  
  113  8:26  Medivac x2  
  118  8:30  Marine  
  118  8:31  Marine x6  
  123  8:41  Liberator  
  107  8:46  SCV x2  
  103  8:48  Marine  
  103  8:49  Marine x5  
  103  8:52  Command Center, Marine  
  110  8:58  Medivac, Armory  
  110  9:01  Barracks x2  
  115  9:05  Siege Tank  
  115  9:06  Marine  
  115  9:07  Marine, Marauder  
  122  9:11  SCV x3  
  122  9:15  Supply Depot  
  125  9:17  Marine x3  
  128  9:29  Liberator, Marauder  
  126  9:43  Marine x2  
  126  9:44  Marine x4  
  131  9:46  Medivac, Siege Tank  
  139  9:57  Barracks Tech Lab x2  
  139  9:59  Terran Infantry Weapons Level 2, Terran Infantry Armor Level 2  
  139  10:01  Marine x2  
  141  10:09  Marine x2  
  141  10:10  Marauder  
  145  10:17  Command Center  
  126  10:37  Marine x2, Marauder  
  124  10:44  Marine x3  
  124  10:45  Marine, Marauder x2  
  124  10:47  Medivac x2, Siege Tank  
  138  10:55  Marine x2  
  138  10:59  Marauder  
  138  11:00  Liberator  
  138  11:02  Marine x3  
  138  11:03  Marine, SCV x2  
  139  11:06  Marauder  
  139  11:07  Marauder  
  132  11:14  Marine x2  
  132  11:17  Medivac  
  139  11:20  Marine, Marauder  
  139  11:22  Marine, Siege Tank  
  139  11:23  Marine  
  146  11:27  Marauder  
  146  11:28  Marauder  
  146  11:30  Liberator  
  146  11:32  Marine  
  151  11:35  Starport  
  151  11:42  Marauder  
  151  11:44  Marine  
  151  11:45  Marine x2  
  138  11:49  Marauder  
  138  11:57  Marine x2, Marauder  
  138  11:58  Marine  
  143  12:02  Marine x3, Siege Tank  
  143  12:03  Marine  
  150  12:08  Factory  
  150  12:09  Marine  
  150  12:10  Planetary Fortress  
  150  12:15  Marine x3  
  152  12:16  Liberator x2  
  152  12:18  Marine  
  152  12:20  Marine x3  
  156  12:27  Marine  
  156  12:28  Marauder  
  159  12:32  Starport Tech Lab  
  159  12:33  Marine x3  
  159  12:37  Marauder  
  166  12:38  Marine  
  166  12:39  Marauder  
  147  12:49  Marine x2, Marauder  
  147  12:50  Marine  
  147  12:51  Marine x2  
  152  12:53  Siege Tank  
  152  12:56  Marine  
  152  12:58  Fusion Core, Marauder  
  158  13:00  Marauder  
  158  13:03  Planetary Fortress  
  160  13:07  Refinery x2  
  160  13:10  Medivac  
  162  13:14  Marine x3, Marauder  
  162  13:15  Marine x3, Refinery x2  
  162  13:19  Marauder  
  172  13:21  Marauder  
  172  13:22  Factory Tech Lab  
  174  13:30  Missile Turret  
  174  13:31  Missile Turret x2  
  174  13:32  Marine x3  
  174  13:33  SCV x4  
  181  13:36  Marauder  
  180  13:45  SCV  
  160  13:54  Marine x3  
  160  13:55  Marine x2, Marauder  
  154  14:16  Marine, Marauder x3  
  161  14:17  Marine x5  
  161  14:18  Siege Tank  
  161  14:19  Medivac  
  166  14:34  Marine  
  166  14:35  Marine x5  
  166  14:37  Marauder  
  166  14:38  Marauder x2  
  165  14:44  Siege Tank  
  165  14:52  Marine  
  166  14:53  Marine x5  
  166  14:59  Marauder x3  
  160  15:10  Liberator, Marine x6  
  162  15:20  Marauder x3  
  166  15:26  Medivac  
  166  15:27  Medivac  
  166  15:28  Marine x6  
  172  15:39  Liberator  
  172  15:41  Marauder  
  172  15:42  Marauder x2  
  166  15:45  Marine  
  166  15:46  Marine x3  
  143  15:51  Marine x2  
  143  15:52  Siege Tank  
  143  15:53  Siege Tank  
  135  15:57  Medivac  
  152  16:03  Marine x2, Marauder x2  
  152  16:04  Marine x3  
  160  16:05  Terran Infantry Weapons Level 3, Terran Infantry Armor Level 3  
  160  16:07  Starport  
  160  16:08  Starport, Terran Ship Weapons Level 1, Marine  
  160  16:09  Liberator, Medivac  
  166  16:13  Marine  
  166  16:14  Command Center  
  167  16:21  Marine, Marauder  
  167  16:22  Marine x3  
  167  16:24  Marine, Siege Tank  
  167  16:25  Marauder  
  179  16:26  Marine, Siege Tank  
  179  16:31  Marine  
  187  16:39  Marine x2, Medivac  
  172  16:48  Marine x6, Marauder  
  178  16:57  Marine x2, Siege Tank  
  178  16:58  Siege Tank  
  183  17:05  Marine  
  183  17:06  Marine x4, Marauder  
  185  17:30  Orbital Command  
  180  17:41  Marine x2, Marauder x2  
  180  17:42  Marine x4, Marauder  
  180  17:44  Siege Tank x2  
  197  17:45  Medivac  
  189  17:59  Marine x3  
  189  18:00  Marine  
  189  18:03  Marauder x2  
  195  18:09  Liberator  
  195  18:16  Siege Tank x2  
  182  18:24  Marine, Marauder  
  182  18:25  Marine x7  
  182  18:26  Medivac  
  182  18:27  Medivac  
  175  18:39  Liberator  
  174  18:42  Marine x6  
  174  18:43  Marine x2  
  174  18:45  Marine  
  150  19:00  Marine x7  
  150  19:01  Marauder  
  146  19:04  Marauder  
  147  19:17  Marine  
  147  19:18  Marine x2  
  147  19:19  Marauder  
  151  19:35  Marine  
  151  19:36  Marauder  
  154  19:52  Refinery  
  151  20:02  Refinery  
Show
View Real Time Build Order
Export as new Build Order

Nebula Zerg 

Build Orders: Hatch First 

Get SALT Encoding   

  12  0:01  Drone  
  13  0:15  Overlord  
  13  0:23  Drone  
  14  0:34  Drone x2  
  16  0:38  Drone  
  17  0:54  Hatchery  
  16  1:00  Drone  
  17  1:07  Extractor  
  17  1:11  Spawning Pool  
  15  1:16  Drone  
  16  1:19  Drone  
  17  1:29  Drone  
  18  1:36  Overlord  
  18  1:55  Drone  
  18  1:58  Drone, Queen  
  22  2:04  Zergling x2  
  22  2:06  Queen  
  25  2:14  Metabolic Boost  
  24  2:36  Zergling x2  
  25  2:44  Hatchery  
  25  2:48  Zergling x4  
  26  2:53  Queen  
  28  3:00  Queen  
  30  3:13  Drone x2  
  32  3:22  Drone  
  32  3:24  Drone x2  
  35  3:44  Evolution Chamber  
  35  3:45  Extractor  
  35  3:46  Drone x2, Lair  
  35  3:50  Drone  
  36  4:00  Queen  
  38  4:09  Drone x4  
  42  4:28  Spore Crawler  
  41  4:31  Spore Crawler  
  41  4:32  Drone x2  
  41  4:33  Spore Crawler  
  40  4:42  Zergling x2  
  40  4:43  Zergling x2  
  40  4:44  Overlord x3  
  42  4:55  Roach Warren  
  41  5:11  Drone  
  41  5:12  Drone x7  
  48  5:35  Pneumatized Carapace  
  44  5:39  Extractor, Drone x2  
  44  5:40  Drone x2, Extractor  
  44  5:41  Glial Reconstitution  
  41  5:43  Zerg Missile Weapons Level 1  
  41  5:48  Queen  
  44  5:50  Drone x2  
  45  6:03  Drone x2  
  48  6:04  Drone x4  
  48  6:08  Spore Crawler  
  50  6:14  Spine Crawler  
  50  6:15  Drone x2  
  51  6:20  Drone x2  
  53  6:33  Drone x2  
  53  6:38  Drone x3  
  58  6:41  Overlord x3  
  58  6:53  Evolution Chamber  
  57  6:56  Overseer, Hydralisk Den  
  56  7:04  Roach x6  
  68  7:09  Drone x3  
  68  7:14  Drone x3  
  68  7:15  Drone  
  75  7:24  Drone x3  
  75  7:27  Overlord x2  
  78  7:31  Ravager x2  
  78  7:32  Ravager x2  
  82  7:39  Overlord x3  
  82  7:46  Zerg Ground Armor Level 1  
  82  7:47  Muscular Augments  
  82  7:49  Ravager x2  
  84  7:56  Roach  
  84  7:57  Roach x4  
  91  8:12  Roach x8  
  101  8:26  Roach  
  115  8:27  Roach x7  
  97  8:45  Roach  
  97  8:46  Roach x7  
  113  8:50  Ravager  
  113  8:51  Ravager  
  113  8:53  Extractor  
  113  8:54  Extractor  
  113  9:01  Drone x3  
  116  9:09  Overseer  
  116  9:10  Hatchery  
  116  9:12  Extractor x2  
  116  9:15  Zerg Missile Weapons Level 2, Infestation Pit  
  112  9:22  Drone x3  
  112  9:23  Drone  
  116  9:28  Ravager x2  
  116  9:30  Overlord x3  
  118  9:43  Overlord  
  118  9:44  Overlord x2  
  118  9:46  Ravager x2  
  118  9:47  Ravager  
  118  9:48  Ravager  
  118  9:51  Zergling x2  
  118  9:52  Zergling x14  
  130  10:08  Hydralisk  
  130  10:09  Hydralisk x4  
  130  10:11  Hydralisk x2  
  115  10:41  Zergling x12  
  115  10:42  Zergling x10  
  123  10:47  Roach  
  125  10:51  Drone  
  126  11:00  Queen  
  126  11:01  Hydralisk Den  
  121  11:12  Drone x3  
  121  11:13  Queen  
  121  11:14  Drone  
  121  11:15  Drone x3, Queen  
  132  11:20  Zerg Ground Armor Level 2, Hive  
  132  11:22  Pathogen Glands  
  132  11:27  Overseer x2  
  90  12:01  Lurker Den  
  90  12:03  Hydralisk  
  90  12:04  Hydralisk x7  
  90  12:06  Roach  
  90  12:07  Roach x7  
  90  12:08  Ravager x4  
  126  12:24  Roach x2  
  126  12:25  Roach x6  
  127  12:39  Roach  
  127  12:40  Roach x6  
  125  12:45  Roach  
  119  12:57  Zerg Missile Weapons Level 3  
  119  12:59  Queen  
  119  13:04  Ravager  
  122  13:06  Ravager  
  123  13:16  Drone  
  123  13:17  Drone x9  
  133  13:21  Hatchery  
  133  13:26  Extractor x2, Spore Crawler  
  129  13:28  Spore Crawler  
  80  13:56  Roach x8  
  80  13:57  Roach x5  
  106  14:08  Hydralisk x4  
  106  14:09  Hydralisk  
  116  14:11  Queen  
  109  14:34  Hydralisk x4  
  109  14:40  Hydralisk x5  
  109  14:42  Drone  
  118  14:47  Drone x2  
  118  14:49  Extractor  
  118  14:50  Extractor  
  118  14:53  Queen  
  118  14:58  Drone x3  
  107  15:17  Roach x4  
  107  15:20  Lurker x4  
  107  15:21  Lurker  
  118  15:34  Roach  
  118  15:35  Roach x17  
  129  15:51  Ravager x3  
  129  15:52  Roach  
  129  15:53  Roach x8  
  150  16:00  Overlord x3  
  150  16:01  Overlord  
  150  16:02  Overseer  
  150  16:03  Overseer  
  150  16:22  Ravager x4  
  150  16:24  Ravager  
  155  16:26  Overlord x3  
  155  16:29  Drone  
  155  16:30  Drone x6  
  145  16:49  Queen  
  143  17:04  Roach x7  
  143  17:05  Roach x13  
  165  17:22  Zerg Ground Armor Level 3  
  157  17:39  Hatchery  
  156  17:44  Spine Crawler  
  156  17:45  Spine Crawler  
  154  18:09  Hatchery  
  140  18:26  Roach  
  136  18:28  Roach  
  136  18:29  Roach x17  
  97  18:59  Roach  
  97  19:00  Roach x3  
  31  19:34  Ravager x4  
  32  19:52  Drone x3  
Tags
 
Add a new tag
Caveats
  • Supply blocks, unpowered buildings, or Contaminate may cause inaccurate times.
  • Supply counts are checked every 10 seconds.